 Dungeon Crawl Stone Soup version 0.31-a0-256-g80acddb972 (webtiles) character file.

Game seed: 3390746350474248975

945 qw the Skirmisher (level 8, -8/48 HPs)
             Began as a Gargoyle Hexslinger on July 12, 2023.
             Killed by divine providence
             ... invoked by an orc priest
              (9 damage)
             ... on level 6 of the Dungeon.
             The game lasted 00:01:47 (3817 turns).

qw the Skirmisher (Gargoyle Hexslinger)             Turns: 3817, Time: 00:01:48

Health: -8/48      AC: 11    Str: 12      XL:     8   Next: 13%
Magic:  9/9        EV: 10    Int: 14      God:
Gold:   293        SH:  5    Dex: 10 (14) Spells: 8/9 levels left

rFire   . . .        Y - +2 sling
rCold   . . .        (no shield)
rNeg    + . .        m - +0 ring mail
rPois   inf          b - +0 helmet
rElec   +            (no cloak)
rCorr   .            (no gloves)
SInv    .            (no boots)
Will    .....        c - amulet of reflection Stlth
                     (no ring)
HPRegen 0.28/turn    (no ring)
MPRegen 0.11/turn

%: reflection
@: no status effects
A: sickness immunity, AC +5, negative energy resistance 1, electricity
resistance, torment resistance 1, petrification resistance
a: no special abilities


You were on level 6 of the Dungeon.
You visited 1 branch of the dungeon, and saw 6 of its levels.

You collected 293 gold pieces.


Innate Abilities, Weirdness & Mutations

You are immune to sickness and miasma.
Your stone body is resilient. (AC +5)
You are immune to poison.
You resist negative energy. (rN+)
You are resistant to electric shocks. (rElec)
You are resistant to unholy torment.
You are immune to petrification.


   Skills:
 + Level 4.9 Fighting
 - Level 8.0 Ranged Weapons
 - Level 1.0 Armour
 - Level 1.5 Dodging
 - Level 1.0 Spellcasting
 - Level 2.6 Hexes


You had 8 spell levels left.
You knew the following spells:

 Your Spells              Type           Power      Damage    Failure   Level
a - Slow                  Hex            32%        N/A       21%         1

Your spell library contained the following spells:

 Spells                   Type           Power      Damage    Failure   Level
 Inner Flame              Hex/Fire       4%         N/A       71%         3
 Portal Projectile        Hex/Tloc       8%         N/A       71%         3
 Cause Fear               Hex            4%         N/A       89%         4

Inventory:

Hand Weapons
 Y - a +2 sling (weapon)
Armour
 b - a +0 helmet (worn)
 m - a +0 ring mail (worn)
Jewellery
 c - an amulet of reflection (around neck)
Scrolls
 f - a scroll of identify
Potions
 a - a potion of haste
 e - a potion of might {unknown}
 g - 2 potions of curing
 h - a potion of magic {unknown}
 j - a potion of heal wounds {unknown}
 k - a potion of enlightenment {unknown}
 l - a potion of brilliance {unknown}

Dungeon Overview and Level Annotations

Branches:
Dungeon (6/15)             Temple (0/1) D:6

Altars:

Shops:
D:1 !

Annotations:
D:6 Eustachio


Message History

The scorpion is moderately wounded.
The scorpion stings you.
You shoot a sling bullet.
The sling bullet closely misses the scorpion.
Your surroundings suddenly seem different. 2 orcs come into view.
Found a falchion.
Found a staircase to the Ecumenical Temple.
The orc shouts! x2
An orc priest comes into view. It is wielding a +0 flail.
Enter note:
Enter note:
3810 ||| PLANNING TEMPLE You shoot a sling bullet.
The sling bullet closely misses the orc.
You shoot a sling bullet.
The sling bullet closely misses the orc.
The orc hits you but does no damage.
You shoot a sling bullet. The sling bullet hits the orc.
The orc is severely wounded.
The orc barely misses you.
You shoot a sling bullet.
The sling bullet completely misses the orc.
The orc priest closely misses you.
You shoot a sling bullet. The sling bullet barely misses the orc.
You block the orc priest's attack. The orc hits you but does no damage.
The orc barely misses you.
You shoot a sling bullet. The sling bullet hits the orc.
You kill the orc!
You block the orc's attack. The orc priest closely misses you.
You shoot a sling bullet.
The sling bullet closely misses the orc priest.
You block the orc's attack.
The orc priest hits you with a +0 flail.
You shoot a sling bullet.
The sling bullet closely misses the orc priest.
The orc hits you with a +0 club.
The orc priest mumbles some strange prayers to Beogh against you.
Beogh smites you!
You die...

# # ####. #
..... ####
#...# ...## .}.
#...## ...
.....# #.#
.....# ##)##
.....# #o@.#
#...##
#.}...o>..).}.#
...##
#...##...##...#
##.# #.. ##.##
..# #.# # #.#..
# #.# .... .
#.# .}.# ..
##.## ... ..#
....# .. ..#


You could see an orc priest and an orc.

Vanquished Creatures
  Grinder (D:5)
  Sigmund (D:3)
  A black bear (D:5)
  A phantom (D:4)
  2 scorpions
  2 howler monkeys (D:5)
  2 hounds (D:5)
  Ijyb (D:3)
  An iguana (D:4)
  Robin (D:3)
  3 adders
  2 shadow imps
  2 worms (D:2)
  A dart slug (D:2)
  5 orcs
  2 bats
  5 endoplasms
  A giant cockroach (D:4)
  12 goblins
  10 hobgoblins
  2 quokkas
  7 ball pythons
  A frilled lizard (D:2)
  5 kobolds
  5 rats
76 creatures vanquished.

Notes
Turn   | Place    | Note
-------+----------+-------------------------------------------
     0 | D:1      | qw the Gargoyle Hexslinger began the quest for the Orb.
     0 | D:1      | Reached XP level 1. HP: 12/12 MP: 2/2
     0 | D:1      | 0 ||| qw: Version: 0.3-a-52-g30416fa
     0 | D:1      | 0 ||| qw: Game counter: 6758
     0 | D:1      | 0 ||| qw: Melee chars always use a shield: true
     0 | D:1      | 0 ||| qw: God list: Okawaru
     0 | D:1      | 0 ||| qw: Allow faded altars: false
     0 | D:1      | 0 ||| qw: Do Orc after clearing Dungeon:15 true
     0 | D:1      | 0 ||| qw: Do second Lair branch before Depths: true
     0 | D:1      | 0 ||| qw: Lair rune preference: random
     0 | D:1      | 0 ||| qw: Goals: Normal
     0 | D:1      | 0 ||| PLANNING D:1-11
    81 | D:1      | Found Xotis's Distillery.
    90 | D:1      | 90 ||| SHOPLISTING 2 potions of curing (78 gold, have 12).
    90 | D:1      | 90 ||| SHOPLISTING 2 potions of heal wounds (130 gold, have
                  | 12).
    90 | D:1      | 90 ||| SHOPLISTING potion of curing (39 gold, have 12).
    90 | D:1      | 90 ||| SHOPLISTING potion of enlightenment (65 gold, have
                  | 12).
    90 | D:1      | 90 ||| SHOPLISTING potion of haste (130 gold, have 12).
    90 | D:1      | 90 ||| SHOPLISTING potion of heal wounds (65 gold, have
                  | 12).
   424 | D:1      | Reached XP level 2. HP: 15/16 MP: 3/3
   685 | D:1      | 685 ||| UPGRADING to +0 leather armour.
   695 | D:1      | 695 ||| DROPPING +0 robe.
   696 | D:1      | 696 ||| READING scroll labelled URA FACOUNI.
   697 | D:1      | 697 ||| READING scroll labelled ESUHUM NOULAP.
   698 | D:1      | 698 ||| DROPPING scroll of poison.
   763 | D:2      | Reached skill level 3 in Ranged Weapons
   893 | D:2      | Reached XP level 3. HP: 16/21 MP: 4/4
   929 | D:2      | 929 ||| Stepping ~*~*~tactically~*~*~ (outnumbered).
  1053 | D:2      | Found a faded altar of an unknown god.
  1205 | D:2      | Reached XP level 4. HP: 26/26 MP: 5/5
  1212 | D:2      | 1212 ||| UPGRADING to +0 helmet.
  1217 | D:2      | 1217 ||| UPGRADING to +0 ring mail.
  1227 | D:2      | 1227 ||| DROPPING +0 leather armour.
  1228 | D:2      | 1228 ||| READING scroll labelled CUAH COCIUGUSK.
  1229 | D:2      | 1229 ||| READING scroll labelled MUTOEL RUTOSM.
  1230 | D:2      | 1230 ||| READING scroll labelled XEKUST GULANI.
  1235 | D:2      | 1235 ||| READING scroll labelled KALUGED MIONAEN.
  1236 | D:2      | 1236 ||| DRINKING 2 green potions.
  1266 | D:3      | You fall into a shaft and drop 2 floors!
  1266 | D:5      | Entered Level 5 of the Dungeon
  1267 | D:5      | 1267 ||| READING scroll labelled YFI BOMIXI.
  1418 | D:3      | Reached skill level 1 in Armour
  1477 | D:3      | Noticed Ijyb
  1477 | D:3      | Paralysed by Ijyb for 3 turns
  1489 | D:3      | Paralysed by Ijyb for 5 turns
  1496 | D:3      | Paralysed by Ijyb for 3 turns
  1502 | D:3      | Paralysed by Ijyb for 4 turns
  1508 | D:3      | Paralysed by Ijyb for 2 turns
  1514 | D:3      | Paralysed by Ijyb for 5 turns
  1519 | D:3      | Killed Ijyb
  1520 | D:3      | Reached skill level 4 in Ranged Weapons
  1628 | D:3      | Noticed Sigmund
  1635 | D:3      | Killed Sigmund
  1636 | D:3      | Reached skill level 5 in Ranged Weapons
  1636 | D:3      | Reached XP level 5. HP: 30/30 MP: 6/6
  1636 | D:3      | Reached XP level 6. HP: 35/35 MP: 7/7
  1777 | D:3      | 1777 ||| UPGRADING to amulet of reflection.
  1782 | D:3      | 1782 ||| READING scroll labelled WITAFI NOSTAN.
  1783 | D:3      | 1783 ||| READING scroll labelled ONWIUNAWIVA.
  1794 | D:4      | Noticed Robin
  1802 | D:4      | 1802 ||| STAIRDANCE
  1806 | D:3      | Killed Robin
  1866 | D:4      | 1866 ||| STAIRDANCE
  2074 | D:4      | Reached skill level 3 in Fighting
  2147 | D:4      | Reached skill level 6 in Ranged Weapons
  2518 | D:4      | Reached XP level 7. HP: 22/42 MP: 8/8
  2687 | D:4      | 2687 ||| READING 2 scrolls labelled ZIAWNO KUERR.
  2688 | D:4      | 2688 ||| DROPPING scroll of fog.
  2827 | D:5      | Noticed Grinder
  2854 | D:5      | Paralysed by Grinder for 2 turns
  2859 | D:5      | Killed Grinder
  2860 | D:5      | Reached skill level 7 in Ranged Weapons
  3187 | D:5      | Reached skill level 8 in Ranged Weapons
  3187 | D:5      | Reached XP level 8. HP: 30/48 MP: 9/9
  3494 | D:5      | 3494 ||| READING scroll labelled NUXACE LISIC.
  3495 | D:5      | 3495 ||| DRINKING 2 sedimented black potions.
  3496 | D:5      | 3496 ||| READING 2 scrolls of identify.
  3496 | D:5      | 3496 ||| IDENTIFYING puce potion
  3497 | D:5      | 3497 ||| DROPPING potion of attraction.
  3729 | D:6      | Noticed Eustachio
  3802 | D:6      | HP: 12/48 [Eustachio/+0 falchion (1)]
  3803 | D:6      | 3803 ||| READING 2 scrolls of teleportation.
  3807 | D:6      | 3807 ||| READING scroll of teleportation.
  3807 | D:6      | HP: 8/48 [scorpion (1)]
  3808 | D:6      | HP: 3/48 [scorpion (5)]
  3809 | D:6      | Found a staircase to the Ecumenical Temple.
  3810 | D:6      | 3810 ||| PLANNING TEMPLE
  3816 | D:6      | HP: 3/48 [orc priest/+0 flail (3)]
  3817 | D:6      | HP: 1/48 [orc/+0 club (2)]
  3817 | D:6      | Killed from afar by an orc priest

Levels and vault maps discovered:
D:1:      co_arrival_random_square_maze, layout_basic, serial_shops, shop
D:2:      layout_rooms, basic_ecumenical_altar, st_stairs_6
D:3:      layout_rooms, uniq_sigmund, uniq_ijyb
D:4:      layout_basic, uniq_robin
D:5:      layout_gridville, uniq_grinder
D:6:      layout_loops_ring, minmay_temple_entry_waves, uniq_eustachio

Skill      XL: |  1  2  3  4  5  6  7 |
---------------+----------------------+-----
Ranged Weapons | 3 5 6 8 |  8.0
Fighting       | 2 3 4 |  4.9
Armour         | 1 |  1.0
Dodging        | |  1.5
Spellcasting   | |  1.0
Hexes          | |  2.6

Action                     |  1- 3 |  4- 6 |  7- 9 || total
---------------------------+-------+-------+-------++-------
   Fire: Sling             |   110 |   165 |   202 ||   477
    Use: Scroll            |     2 |     7 |     5 ||    14
         Potion            |       |     1 |     1 ||     2
 Armour: Robe              |     2 |       |       ||     2
         Leather armour    |    24 |       |       ||    24
         Ring mail         |       |    92 |   116 ||   208
  Dodge: Dodged            |    30 |    73 |   122 ||   225
  Block: Other             |       |    39 |    54 ||    93
         Reflection        |       |       |     1 ||     1

Table legend:
 A = Non-vault XP
 B = Vault XP
 C = Vault XP percentage of total XP
 D = Non-vault monster count
 E = Vault monster count
 F = Vault count percentage of total count
                 A         B        C        D         E       F
            +---------+---------+-------+---------+---------+-------
      Total |     781 |     569 |  42.1 |      59 |      17 |  22.4
            +---------+---------+-------+---------+---------+-------
        D:1 |      14 |       0 |   0.0 |       9 |       0 |   0.0
        D:2 |      61 |       7 |  10.3 |      19 |       3 |  13.6
        D:3 |      34 |     277 |  89.1 |      12 |       9 |  42.9
        D:4 |     234 |       8 |   3.3 |       7 |       4 |  36.4
        D:5 |     336 |     277 |  45.2 |       6 |       1 |  14.3
        D:6 |     102 |       0 |   0.0 |       6 |       0 |   0.0
            +---------+---------+-------+---------+---------+-------
